 Dungeon Crawl Stone Soup version 0.23-a0-458-g93a6ea9 (webtiles) character file.

8 Amnesiac the Digger (level 2, 19/19 HPs)
             Began as a Demonspawn Earth Elementalist on Nov 25, 2018.
             Quit the game on level 1 of the Dungeon.
             The game lasted 00:00:43 (309 turns).

Amnesiac the Digger (Demonspawn Earth Elementalist)  Turns: 309, Time: 00:00:43

Health: 19/19      AC:  2    Str:  8    XL:     2   Next: 0%
Magic:  3/5        EV: 12    Int: 16    God:
Gold:   25         SH:  0    Dex: 13    Spells: 4/5 levels left

rFire    . . .     SeeInvis .   (no weapon)
rCold    . . .     Gourm    .   (no shield)
rNeg     . . .     Faith    .   c - +0 robe
rPois    .         Spirit   .   (helmet restricted)
rElec    .         Reflect  .   (no cloak)
rCorr    .         Harm     .   (no gloves)
MR       .....                  (no boots)
Stlth    ++........             (no amulet)
HPRegen  0.06/turn              (no ring)
MPRegen  0.09/turn              (no ring)

@: no status effects
A: horns 1
a: no special abilities


You were on level 1 of the Dungeon.
You were not hungry.

You visited 1 branch of the dungeon, and saw 2 of its levels.

You collected 25 gold pieces.

Inventory:

Hand Weapons
 e - a +0 dagger
Missiles
 b - 47 stones (quivered)
Armour
 c - a +0 robe (worn)
Scrolls
 a - a scroll of identify {!r, unknown}
 i - a scroll of enchant weapon {!r, unknown}
Potions
 f - a potion of lignification {!q, unknown}
 h - a potion of curing {!q, unknown}
Comestibles
 d - 2 rations
 g - 3 chunks of flesh


   Skills:
 - Level 1.7 Dodging
 - Level 1.7 Stealth
 + Level 2.2 Spellcasting
   Level 0.8 Transmutations
 * Level 3.1 Earth Magic


You had 4 spell levels left.
You knew the following spells:

 Your Spells              Type           Power        Failure   Level  Hunger
a - Sandblast             Erth           ##....       6%          1    #......

Your spell library contained the following spells:

 Spells                   Type           Power        Failure   Level  Hunger
 Passwall                 Tmut/Erth      #.......     14%         2    ###....
 Stone Arrow              Conj/Erth      #.....       32%         3    ###....
 Petrify                  Tmut/Erth      #.......     65%         4    #####..
 Lee's Rapid Deconstruct  Erth           ##........   85%         5    ######.


Dungeon Overview and Level Annotations

Branches:
Dungeon (2/15)

Altars:
Xom


Innate Abilities, Weirdness & Mutations

You have a pair of small horns on your head.


Message History

Aiming: Sandblast (safe; 6% risk of failure)
Press: ? - help, Shift-Dir - straight line, f - hobgoblin
Aim: a hobgoblin, wielding a +0 club The blast of sand hits the hobgoblin.
You kill the hobgoblin!
b - 21 stones Unknown command.
Casting: Sandblast (safe; 6% risk of failure)
Confirm with . or Enter, or press ? or * to list all spells.
You don't have enough magic to cast that spell.
Casting: Sandblast (safe; 6% risk of failure)
Confirm with . or Enter, or press ? or * to list all spells.
You don't have enough magic to cast that spell.
You start resting.
Magic restored.
Found a shimmering altar of Xom.
Things that are here:
a +0 dagger; a kobold corpse
Found a whip.
i - a scroll labeled KUOWEC WOCI {!r} You see here a +0 club.
b - 42 stones (gained 21)
You now have 17 gold pieces (gained 11).
You open the door.
There is an open door here.
A rat comes into view.
A rat is nearby!
Found 7 stones.
Casting: Sandblast (safe; 6% risk of failure)
Confirm with . or Enter, or press ? or * to list all spells.
Aiming: Sandblast (safe; 6% risk of failure)
Press: ? - help, Shift-Dir - straight line, f - rat
Aim: a rat The blast of sand hits the rat.
You kill the rat!
b - 41 stones Unknown command.
Found 8 gold pieces.
You see here a rat corpse.
You butcher the rat corpse.
g - 3 chunks of flesh (gained 1)
You see here a rat skeleton.
A rat comes into view.
You see here 7 stones.
b - 48 stones (gained 7)
Found a scroll labeled HELOTS TEDUJ.
Casting: Sandblast (safe; 6% risk of failure)
Confirm with . or Enter, or press ? or * to list all spells.
Aiming: Sandblast (safe; 6% risk of failure)
Press: ? - help, Shift-Dir - straight line, f - rat
Aim: a rat (resting)
The blast of sand hits the rat.
You kill the rat!
You have reached level 2!
Your demonic ancestry asserts itself...
A pair of horns grows on your head!
b - 47 stones
Found 2 scrolls labeled FEXUCE RESOM.
Unknown command.
You now have 25 gold pieces (gained 8).
A leopard gecko comes into view.
The leopard gecko hisses angrily.
You see here a scroll labeled HELOTS TEDUJ {!r}.
Are you sure you want to abandon this character and quit the game? (Confirm

#.# #.# .. ##.#
..... ... .l...
#.##+#.....
#.........
#......... #@....#
#....?############
#.................
#.....#####.......
#.................
#...........รท...^.
#..............###
#.....##########
#.....#


You could see a leopard gecko.

Vanquished Creatures
  A hobgoblin (D:1)
  A kobold (D:1)
  A quokka (D:2)
  A bat (D:2)
  A frilled lizard (D:1)
  4 rats
9 creatures vanquished.

Notes
Turn   | Place    | Note
-------+----------+-------------------------------------------
     0 | D:1      | Amnesiac the Demonspawn Earth Elementalist began the quest
                  | for the Orb.
     0 | D:1      | Reached XP level 1. HP: 13/13 MP: 3/3
   237 | D:1      | Reached skill level 3 in Earth Magic
   255 | D:1      | Found a shimmering altar of Xom.
   301 | D:1      | Gained mutation: You have a pair of small horns on your
                  | head. [demonic ancestry]
   301 | D:1      | Reached XP level 2. HP: 19/19 MP: 3/5
   309 | D:1      | Quit the game

Vault maps used:
D:1:      tarquinn_simple_flora_water_a, xom_teletrap_fun
D:2:      first_ration, minmay_misc_feat_four_crosses

Skill      XL: |  1 |
---------------+----+-----
Earth Magic    | 3 |  3.1
Dodging        | |  1.7
Stealth        | |  1.7
Spellcasting   | |  2.2
Transmutations | |  0.8

Action                   || total
-------------------------++-------
 Cast: Sandblast         ||    11
Dodge: Dodged            ||     1

Table legend:
 A = Non-vault XP
 B = Vault XP
 C = Vault XP percentage of total XP
 D = Non-vault monster count
 E = Vault monster count
 F = Vault count percentage of total count
                 A         B        C        D         E       F
            +---------+---------+-------+---------+---------+-------
      Total |      12 |       0 |   0.0 |       9 |       0 |   0.0
            +---------+---------+-------+---------+---------+-------
        D:1 |       7 |       0 |   0.0 |       5 |       0 |   0.0
        D:2 |       5 |       0 |   0.0 |       4 |       0 |   0.0
            +---------+---------+-------+---------+---------+-------
